 Dungeon Crawl Stone Soup version 0.26-a0-660-gc07710193c (webtiles) character file.

Game seed: 109956803953143381

27131 kazelolz the Severer (level 13, -1/119 HPs)
             Began as a Minotaur Berserker on Oct 7, 2020.
             Was an Elder of Trog.
             Slain by a six-headed hydra (11 damage)
             ... on level 5 of the Lair of Beasts.
             The game lasted 00:25:34 (15167 turns).

kazelolz the Severer (Minotaur Berserker)          Turns: 15167, Time: 00:25:36

Health: -1/119     AC: 18    Str: 28 (30) XL:     13   Next: 2%
Magic:  12/12      EV:  5    Int: 10 (12) God:    Trog [****..]
Gold:   607        SH:  7    Dex:  6 (9)  Spells: 12/12 levels left

rFire    + . .     SeeInvis +   G - +1 broad axe (flame)
rCold    . . .     Faith    .   K - +0 kite shield
rNeg     . . .     Spirit   .   U - +0 chain mail "Lixzudda" {Str+2 Int+6 SInv}
rPois    +         Reflect  .   l - +0 hat
rElec    .         Harm     .   x - +0 cloak "Qeiquex" {+Fly rPois Int+2}
rCorr    .         Rampage  .   z - +2 pair of gloves
MR       .....                  w - +1 pair of boots
Stlth    ..........             k - amulet of the acrobat
HPRegen  0.29/turn              a - +4 ring of protection
MPRegen  0.13/turn              A - ring of protection from fire

@: berserk cooldown, hasted and slowed, extremely drained
A: retaliatory headbutt, horns 2
a: Berserk, Trog's Hand, Brothers in Arms, Renounce Religion, Evoke Flight


You were on level 5 of the Lair of Beasts.
You worshipped Trog.
Trog was greatly pleased with you.
You visited 2 branches of the dungeon, and saw 13 of its levels.
You also visited: Ice Cave.

You collected 805 gold pieces.
You spent 198 gold pieces at shops.

Inventory:

Hand Weapons
 u - a +0 hand axe of freezing
 G - a +1 broad axe of flaming (weapon)
 M - the +7 lajatang of Order {silver, rMut}
   (You found it on level 8 of the Dungeon)

   It protects you from mutation.
 P - a +0 demon trident of freezing
Missiles
 f - a throwing net (quivered)
Armour
 l - a +0 hat (worn)
 w - a +1 pair of boots (worn)
 x - the +0 cloak "Qeiquex" (worn) {+Fly rPois Int+2}
   (You found it on level 4 of the Dungeon)

   It affects your intelligence (+2).
   It protects you from poison.
   It lets you fly.
 z - a +2 pair of gloves (worn)
 K - a +0 kite shield (worn)
 U - the +0 chain mail "Lixzudda" (worn) {Str+2 Int+6 SInv}
   (You found it on level 2 of the Lair of Beasts)

   It affects your strength (+2).
   It affects your intelligence (+6).
   It lets you see invisible.
Jewellery
 a - a +4 ring of protection (left hand)
 i - an uncursed ring of protection from cold
 k - an amulet of the acrobat (around neck)
 A - a ring of protection from fire (right hand)
 J - a +6 ring of dexterity {unknown}
 W - a cursed ring of teleportation {unknown}
Wands
 H - a wand of flame (12)
 Q - a wand of iceblast (7)
 S - a wand of disintegration (11)
Scrolls
 c - 4 scrolls of identify
 d - 3 scrolls of enchant weapon {unknown}
 j - a scroll of fear {unknown}
 n - 6 scrolls of teleportation
 o - 9 scrolls of remove curse
 p - 6 scrolls of magic mapping
 s - 5 scrolls of immolation {unknown}
 v - a scroll of enchant armour {unknown}
 y - 3 scrolls of blinking {unknown}
 C - a scroll of fog {unknown}
 E - a scroll of silence {unknown}
 N - 3 scrolls of random uselessness {unknown}
 R - 3 scrolls of vulnerability {unknown}
Potions
 b - 2 potions of degeneration
 e - 3 potions of resistance
 g - a potion of invisibility
 h - 5 potions of might
 m - 3 potions of magic
 q - 3 potions of ambrosia
 r - a potion of heal wounds
 t - a potion of berserk rage
 B - a potion of curing
 D - a potion of flight
 I - 5 potions of haste
Miscellaneous
 O - a tin of tremorstones (3/3)
 T - a condenser vane (2/2)


   Skills:
 + Level 12.4(0.0) Fighting
 + Level 16.6(0.0) Axes
 + Level 7.1(0.0) Staves
 + Level 11.4(0.0) Armour
 + Level 7.7(0.0) Dodging
 + Level 2.9(0.0) Stealth
 + Level 1.2(0.0) Shields


You had 12 spell levels left.
You didn't know any spells.
Your spell library was empty.

Dungeon Overview and Level Annotations

Branches:
Dungeon (8/15)             Temple (0/1) D:6            Lair (5/6) D:8
 Shoals (0/4) Lair:3       Spider (0/4) Lair:2        IceCv (visited)
  Slime: Lair:5-6

Altars:
Ashenzari
Cheibriados
Elyvilon
Fedhas
Hepliaklqana
Nemelex Xobeh
Qazlal
Ru
Wu Jian
Xom
Zin

Shops:
D:4 :   D:5 (   D:7 }*:}*

Annotations:
Lair:5 exclusion: oklob plant


Innate Abilities, Weirdness & Mutations

You reflexively headbutt those who attack you in melee.
You have a pair of horns on your head.


Message History

Unknown command.
You feel yourself speed up.
You block the six-headed hydra's attack.
The six-headed hydra bites you.
* * * LOW HITPOINT WARNING * * *
The six-headed hydra bites you.
* * * LOW HITPOINT WARNING * * *
The six-headed hydra bites you but does no damage.
The six-headed hydra barely misses you. The six-headed hydra bites you.
* * * LOW HITPOINT WARNING * * *
The six-headed hydra bites you.
* * * LOW HITPOINT WARNING * * *
The six-headed hydra bites you!
* * * LOW HITPOINT WARNING * * *
The six-headed hydra bites you but does no damage.
The six-headed hydra bites you.
* * * LOW HITPOINT WARNING * * *
The six-headed hydra bites you but does no damage.
The six-headed hydra bites you!
You die...

#..##....##..###
...##..........###
........P.....}..#
#.......##.PP#†..##
#...P..##..P..#..)#
##.##...#...###...#
####..##...####.##
##......##.#D.#
#.....## #.@##
..#.### ##.P# ...##
..## ... ...# ..#
##..# .## ##.. ...
...


You could see a six-headed hydra.

Vanquished Creatures
  Fannar (Lair:1)
  An ice dragon (Lair:4)
  2 hydras (Lair:2)
  Urug (Lair:4)
  Sonja (Lair:5)
  Nergalle (Lair:1)
  A deep elf mage (D:7)
  4 elephants (Lair:4)
  2 ice statues (IceCv)
  3 black mambas
  5 cane toads
  3 rime drakes
  4 komodo dragons
  11 ice devils (IceCv)
  A jumping spider (Lair:2)
  2 polar bears (Lair:3)
  Grinder (D:5)
  Sigmund (D:3)
  Eustachio (D:5)
  5 basilisks
  7 wyverns
  4 redbacks (Lair:2)
  2 spriggans (Lair:3)
  30 yaks
  Menkaure (D:7)
  Edmund (D:6)
  An orc warrior (D:8)
  8 water moccasins
  An ice beast (D:6)
  Purgy (D:3)
  2 sky beasts
  4 black bears
  An ogre (D:7)
  2 centaurs
  17 wolves
  10 bullfrogs
  2 scorpions
  A killer bee (D:6)
  3 howler monkeys
  2 electric eels (Lair:3)
  A centaur zombie (D:8)
  A quasit (D:7)
  2 hounds (D:7)
  A jelly (D:7)
  5 orc wizards
  3 orc priests
  3 bullfrog skeletons
  A centaur skeleton (D:6)
  3 iguanas
  3 worker ants
  A hound skeleton (D:6)
  4 adders
  4 gnolls (D:3)
  4 shadow imps
  11 white imps
  8 ufetubi
  An ooze (D:3)
  2 adder zombies
  An adder skeleton (D:5)
  2 worms
  2 dart slugs (D:2)
  4 leopard geckos
  26 orcs
  2 ball pythons
  5 bats (D:1)
  7 giant cockroaches
  5 goblins
  2 hobgoblins (D:3)
  4 kobolds
  4 quokkas
  5 frilled lizards
  A quokka skeleton (D:8)
  4 rats
283 creatures vanquished.

Vanquished Creatures (collateral kills)
  A wolf (Lair:5)
1 creature vanquished.

Vanquished Creatures (others)
  A reaper (IceCv)
  A bullfrog (Lair:3)
  5 white imps (IceCv)
  4 ufetubi (IceCv)
  A quokka (D:3)
  A rat (D:3)
  37 fungi
  68 plants
118 creatures vanquished.

Grand Total: 402 creatures vanquished

Notes
Turn   | Place    | Note
-------+----------+-------------------------------------------
     0 | D:1      | kazelolz the Minotaur Berserker began the quest for the
                  | Orb.
     0 | D:1      | Reached XP level 1. HP: 19/19 MP: 0/0
   395 | D:1      | Reached XP level 2. HP: 27/27 MP: 1/1
   717 | D:2      | Reached skill level 4 in Axes
   806 | D:2      | Found an ornate altar of the Wu Jian Council.
  1121 | D:2      | Reached XP level 3. HP: 24/33 MP: 2/2
  1714 | D:3      | Noticed Sigmund
  1722 | D:3      | Killed Sigmund
  1722 | D:3      | Reached skill level 5 in Fighting
  1722 | D:3      | Reached skill level 5 in Axes
  1722 | D:3      | Reached skill level 1 in Stealth
  1722 | D:3      | Reached XP level 4. HP: 32/42 MP: 3/3
  1722 | D:3      | Reached XP level 5. HP: 36/48 MP: 4/4
  1799 | D:3      | Found a blossoming altar of Fedhas.
  1837 | D:3      | Found a white marble altar of Elyvilon.
  2064 | D:3      | Noticed Purgy
  2071 | D:3      | Killed Purgy
  2071 | D:3      | Reached skill level 6 in Axes
  2071 | D:3      | Reached XP level 6. HP: 47/56 MP: 5/5
  2364 | D:3      | Reached ** piety under Trog
  2680 | D:4      | Found a shimmering altar of Xom.
  3112 | D:4      | Found Itwuum's Book Emporium.
  3269 | D:4      | Found a sacrificial altar of Ru.
  3269 | D:4      | Found a stormy altar of Qazlal.
  3308 | D:4      | Reached skill level 7 in Axes
  3308 | D:4      | Reached XP level 7. HP: 62/62 MP: 6/6
  3661 | D:4      | Got a warped cloak
  3666 | D:4      | Identified the cursed +0 cloak "Qeiquex" {+Fly rPois Int+2}
                  | (You found it on level 4 of the Dungeon)
  3679 | D:5      | Entered Level 5 of the Dungeon
  3679 | D:5      | Noticed Grinder
  3704 | D:5      | Paralysed by Grinder for 5 turns
  3715 | D:5      | Killed Grinder
  3715 | D:5      | Reached skill level 5 in Armour
  3900 | D:5      | Noticed Eustachio
  3922 | D:5      | Killed Eustachio
  3922 | D:5      | Reached skill level 8 in Axes
  3922 | D:5      | Reached XP level 8. HP: 43/70 MP: 7/7
  4855 | D:5      | Found Esuudd's Weapon Shoppe.
  4861 | D:5      | Bought a +1 broad axe of flaming for 198 gold pieces
  5097 | D:6      | Reached skill level 9 in Axes
  5101 | D:6      | Found a broken altar of Ashenzari.
  5312 | D:6      | Found a staircase to the Ecumenical Temple.
  5526 | D:6      | Noticed Edmund
  5532 | D:6      | Killed Edmund
  5990 | D:7      | Reached skill level 10 in Axes
  5990 | D:7      | Reached XP level 9. HP: 79/79 MP: 8/8
  6003 | D:7      | Noticed Menkaure
  6005 | D:7      | Found Nevie's Gadget Shoppe.
  6012 | D:7      | Killed Menkaure
  6014 | D:7      | Reached *** piety under Trog
  6349 | D:7      | Found Yrul's Gadget Boutique.
  6365 | D:7      | Found Debutydgh's Book Emporium.
  6424 | D:7      | Found Zudyd's General Store.
  6445 | D:7      | Noticed a deep elf mage
  6454 | D:7      | Killed a deep elf mage
  6455 | D:7      | Reached skill level 5 in Dodging
  6484 | D:7      | Reached skill level 11 in Axes
  6555 | D:7      | Found a glowing silver altar of Zin.
  6676 | D:7      | Found a hazy altar of Hepliaklqana.
  6727 | D:7      | Found Arovif's Assorted Antiques.
  6815 | D:8      | Found a staircase to the Lair.
  6825 | D:8      | Reached skill level 12 in Axes
  6829 | D:8      | Reached XP level 10. HP: 89/89 MP: 9/9
  6905 | D:8      | Found the +7 lajatang of Order {silver, rMut}
  7183 | D:8      | Found a sparkling altar of Nemelex Xobeh.
  7356 | Lair:1   | Entered Level 1 of the Lair of Beasts
  7371 | Lair:1   | Noticed a cane toad
  7374 | Lair:1   | Killed a cane toad
  7374 | Lair:1   | Reached skill level 13 in Axes
  7374 | Lair:1   | Reached skill level 1 in Staves
  7439 | Lair:1   | Reached **** piety under Trog
  7480 | Lair:1   | Noticed Nergalle
  7486 | Lair:1   | Killed Nergalle
  7543 | Lair:1   | Noticed a black mamba
  7551 | Lair:1   | Killed a black mamba
  7606 | Lair:1   | Found a frozen archway.
  7608 | Lair:1   | Reached skill level 5 in Staves
  7610 | Lair:1   | Reached XP level 11. HP: 36/97 MP: 10/10
  7615 | IceCv    | Entered an ice cave
  8043 | IceCv    | Killed a reaper
  8260 | IceCv    | HP: 5/145 [something (3)]
  8262 | IceCv    | Reached skill level 14 in Axes
  8262 | IceCv    | HP: 1/145 [something (3)]
  9501 | Lair:1   | Noticed Fannar
  9511 | Lair:1   | Reached skill level 10 in Fighting
  9518 | Lair:1   | Killed Fannar
 10057 | Lair:2   | Noticed a six-headed hydra
 10064 | Lair:2   | Killed a three-headed hydra
 10338 | Lair:2   | Found a snail-covered altar of Cheibriados.
 10367 | Lair:2   | Noticed a five-headed hydra
 10372 | Lair:2   | Killed a three-headed hydra
 10372 | Lair:2   | Reached skill level 15 in Axes
 10608 | Lair:2   | Reached XP level 12. HP: 108/108 MP: 11/11
 10706 | Lair:2   | Reached skill level 10 in Armour
 11154 | Lair:2   | Found a hole to the Spider Nest.
 11397 | Lair:2   | Got an ichor-stained chain mail
 11398 | Lair:2   | Identified the cursed +0 chain mail "Lixzudda" {Str+2 Int+6
                  | SInv} (You found it on level 2 of the Lair of Beasts)
 12368 | Lair:3   | Found a staircase to the Shoals.
 12544 | Lair:3   | Got a glimmering scale mail
 12567 | Lair:3   | Identified the +1 scale mail of Yczes {rElec rPois rF-
                  | Int+8} (You found it on level 3 of the Lair of Beasts)
 12736 | Lair:3   | Reached skill level 16 in Axes
 13073 | Lair:4   | Noticed an ice dragon
 13078 | Lair:4   | Reached ***** piety under Trog
 13086 | Lair:4   | Noticed Urug
 13096 | Lair:4   | Killed an ice dragon
 13106 | Lair:4   | Killed Urug
 13989 | Lair:5   | Noticed Sonja
 14082 | Lair:5   | Killed Sonja
 14671 | Lair:5   | Reached skill level 1 in Shields
 14683 | Lair:5   | Reached XP level 13. HP: 63/119 MP: 12/12
 15165 | Lair:5   | HP: 2/119 [six-headed hydra (4)]
 15167 | Lair:5   | Slain by a six-headed hydra

Illustrated notes

Levels and vault maps discovered:
D:1:      dpeg_arrival_shelter, layout_loops_ring, grunt_decor_arrowhead
D:2:      layout_rooms, lemuel_doored_altar, minmay_door_square,
          serial_bayou_crossing
D:3:      layout_loops_ring, old_standard_altar, elyvilon_altar_4,
          minmay_misc_feat_nine_boxes, uniq_purgy, uniq_sigmund
D:4:      layout_loops_corners, kennysheep_mini,
          gammafunk_temple_overflow_pools, serial_shops, shop
D:5:      layout_loops_ring, serial_shops, nicolae_shop_trees, hex_tiny,
          uniq_eustachio, uniq_grinder
D:6:      layout_layer_cave, minmay_temple_entry_gardened_gates,
          minmay_ruined_shrine, uniq_edmund
D:7:      layout_rooms, overflow_temple_1_default, zin_academy, serial_shops,
          shop, nicolae_shop_waterfront, nicolae_shop_behind_doors, shop,
          nicolae_shop_overgrown_old_shop, kennysheep_potato, uniq_menkaure
D:8:      layout_rooms, marbit_many_paths, minmay_lair_entry_grove,
          minmay_misc_feat_rugged
Lair:1:   layout_roguey, portal_ice_cave_rime, serial_bayou_pond_d,
          nicolae_lair_grove_arrangements, grunt_megastairs_4, uniq_nergalle,
          uniq_fannar
Lair:2:   wad_woods_stonehenge, layout_chaotic_city,
          nicolae_spider_entry_tight_spaces, beast_lair_carwin_3
Lair:3:   layout_loops_ring, shoals_dummy_entry, forest_entry_grove,
          serial_bayou_shore_b, lemuel_fruit_fields, serial_bayou_shore_a,
          lemuel_fruit_fields, infiniplex_staircase_pool
Lair:4:   layout_loops_ring, bobbens_ice_dragon_lair, uniq_urug
Lair:5:   layout_loops_ring, gammafunk_ghost_hydra_chop, uniq_sonja

Skill      XL: |  1  2  3  4  5  6  7  8  9 10 11 12 |
---------------+-------------------------------------+-----
Axes           | 4 5 6 7 8 10 12 13 15 16 | 16.6
Fighting       | 4 5 6 7 8 9 10 12 | 12.4
Armour         | 3 5 6 8 9 11 | 11.4
Dodging        | 3 4 5 6 7 |  7.7
Stealth        | 1 2 |  2.9
Staves         | 5 7 |  7.1
Shields        | 1 |  1.2

Action                   |  1- 3 |  4- 6 |  7- 9 | 10-12 | 13-15 || total
-------------------------+-------+-------+-------+-------+-------++-------
Melee: Hand axe          |    95 |    69 |   104 |       |       ||   268
       Headbutt          |    16 |     9 |    37 |    96 |     2 ||   160
       Broad axe         |       |       |   114 |   461 |    31 ||   606
       Lajatang          |       |       |       |    34 |       ||    34
Invok: Trog's Hand       |       |       |     6 |     5 |       ||    11
       Berserk           |       |       |     3 |     6 |     1 ||    10
       Brothers in Arms  |       |       |       |       |     1 ||     1
Evoke: Wand              |       |       |       |       |     1 ||     1
  Use: Scroll            |       |       |     5 |     3 |       ||     8
       Potion            |       |       |       |       |    16 ||    16
Armor: Animal skin       |    18 |       |       |       |       ||    18
       Scale mail        |     2 |    13 |   101 |   128 |       ||   244
       Chain mail        |       |       |       |   240 |    61 ||   301
Dodge: Dodged            |    46 |    43 |   152 |   358 |    17 ||   616
Block: Kite shield       |       |       |       |    67 |    31 ||    98

Table legend: (Time is in decaauts)
 A = Elapsed time spent in this place.
 B = Non-inter-level travel time spent in this place.
 C = Inter-level travel time spent in this place.
 D = Time resting spent in this place.
 E = Time spent auto-exploring this place.
 F = Levels seen in this place.
 G = Mean time per level.
                   A        B        C        D        E       F      G
               +--------+--------+--------+--------+--------+-----+--------+
         Total |  15312 |  14980 |    332 |   3899 |   8557 |  14 | 1093.7 |
       Dungeon |   7395 |   7179 |    216 |    970 |   5247 |   8 |  924.4 |
          Lair |   6132 |   6017 |    115 |   1515 |   3310 |   5 | 1226.4 |
      Ice Cave |   1785 |   1785 |      0 |   1413 |      0 |   1 | 1785.0 |
               +--------+--------+--------+--------+--------+-----+--------+

Top non-repeatable levels by time:
   IceCv: 1785 daAuts
  Lair:2: 1470 daAuts
  Lair:3: 1367 daAuts
     D:5: 1342 daAuts
  Lair:5: 1318 daAuts
     D:3: 1113 daAuts
  Lair:4: 1074 daAuts
     D:4: 1012 daAuts
     D:6: 914 daAuts
     D:2: 913 daAuts
  Lair:1: 900 daAuts
     D:7: 862 daAuts
     D:1: 653 daAuts
     D:8: 583 daAuts
